BR
WESLACO CHIEFS @ GRAND RAPIDS DUTCH OVENS
09/20/2027
 
TOP OF THE 1ST
Weslaco Chiefs batting - Pitching for Grand Rapids Dutch Ovens : RHP Ethan Knight
Pitching: RHP Ethan Knight
Batting: RHB Matt Bascombe 0-0: Ball
1-0: Ball
2-0: Swinging Strike
2-1: Fly out, F9 (Flyball, 9D)
Batting: SHB Hedde Stapel 0-0: Called Strike
0-1: Bunt for hit - play at first, batter OUT! 1-3
Batting: RHB Jeremiah Ward 0-0: Called Strike
0-1: SINGLE (Groundball, 6S) (infield hit)
Batting: RHB Jerry Browning 0-0: Foul Ball, location: 2F
0-1: Foul Ball, location: 2F
0-2: Fly out, F9 (Flyball, 9LSF)
Top of the 1st over - 0 run(s), 1 hit(s), 0 error(s), 1 left on base; Weslaco 0 - Grand Rapids 0
BOTTOM OF THE 1ST
Grand Rapids Dutch Ovens batting - Pitching for Weslaco Chiefs : RHP Luis Torres
Pitching: RHP Luis Torres
Batting: RHB José Wills 0-0: Ball
1-0: Ball
2-0: Called Strike
2-1: Ball
3-1: Foul Ball, location: 2F
3-2: TRIPLE (Flyball, 78XD)
Batting: SHB Víctor Torres 0-0: Called Strike
0-1: Called Strike
0-2: Ball
1-2: Strikes out swinging
Batting: LHB Luis Salazar 0-0: Called Strike
0-1: Called Strike
0-2: Ball
1-2: Strikes out swinging
Batting: RHB Manuel Flores 0-0: Ball
1-0: Called Strike
1-1: SINGLE (Line Drive, 4MD)
José Wills scores
Batting: RHB William Todd 0-0: Called Strike
Manuel Flores is caught stealing 2nd base
Bottom of the 1st over - 1 run(s), 2 hit(s), 0 error(s), 0 left on base; Weslaco 0 - Grand Rapids 1
TOP OF THE 2ND
Weslaco Chiefs batting - Pitching for Grand Rapids Dutch Ovens : RHP Ethan Knight
Batting: RHB Jorge Calderón 0-0: Ball
1-0: Foul Ball, location: 2F
1-1: Ball
2-1: Foul Ball, location: 2F
2-2: Foul Ball, location: 2F
2-2: Fly out, F9 (Flyball, 9S)
Batting: RHB Seth O'Toole 0-0: Called Strike
0-1: Foul Ball, location: 2F
0-2: Ball
1-2: Ball
2-2: Ball
3-2: Foul Ball, location: 2F
3-2: Strikes out swinging
Batting: SHB Artie Adams 0-0: Called Strike
0-1: SINGLE (Groundball, 4MD)
Batting: RHB Joe Farrell 0-0: Ball
1-0: Ball
2-0: Fielders Choice at 2nd, 4-6 (Groundball, 4)
Top of the 2nd over - 0 run(s), 1 hit(s), 0 error(s), 0 left on base; Weslaco 0 - Grand Rapids 1
BOTTOM OF THE 2ND
Grand Rapids Dutch Ovens batting - Pitching for Weslaco Chiefs : RHP Luis Torres
Batting: RHB William Todd 0-0: Ball
1-0: Ball
2-0: Called Strike
2-1: Ball
3-1: Foul Ball, location: 2F
3-2: Strikes out swinging
Batting: LHB Félix Costa 0-0: Fly out, F7 (Flyball, 7S)
Batting: RHB Carlos Rosa 0-0: Ball
1-0: Called Strike
1-1: Called Strike
1-2: Strikes out swinging
Bottom of the 2nd over - 0 run(s), 0 hit(s), 0 error(s), 0 left on base; Weslaco 0 - Grand Rapids 1
TOP OF THE 3RD
Weslaco Chiefs batting - Pitching for Grand Rapids Dutch Ovens : RHP Ethan Knight
Batting: RHB Michael Scott 0-0: SINGLE (Line Drive, 4)
Batting: RHB Matt Bascombe 0-0: Fielders Choice at 2nd, 1-6 (Groundball, 13S)
Batting: SHB Hedde Stapel 0-0: Fly out, F7 (Flyball, 7LM)
Batting: RHB Jeremiah Ward 0-0: Called Strike
0-1: Fielders Choice at 2nd, 5-4 (Groundball, 56)
Top of the 3rd over - 0 run(s), 1 hit(s), 0 error(s), 0 left on base; Weslaco 0 - Grand Rapids 1
BOTTOM OF THE 3RD
Grand Rapids Dutch Ovens batting - Pitching for Weslaco Chiefs : RHP Luis Torres
Batting: RHB Alec Goodman 0-0: Bunted foul
0-1: Swinging Strike
0-2: Ball
1-2: Foul Ball, location: 2F
1-2: Ball
2-2: Ball
3-2: Strikes out swinging
Batting: RHB Takuro Okawa 0-0: Ground out 5-3 (Groundball, 56S)
Batting: RHB José Wills 0-0: Ball
1-0: Foul Ball, location: 2F
1-1: SINGLE (Flyball, 7S)
Batting: SHB Víctor Torres 0-0: Ball
1-0: Ball
2-0: Ball
3-0: Called Strike
3-1: Foul Ball, location: 2F
3-2: SINGLE (Groundball, 6MD)
José Wills to second
José Wills to third
Batting: LHB Luis Salazar 0-0: Called Strike
0-1: Called Strike
0-2: Ball
1-2: Fielders Choice at 2nd, 4-6 (Groundball, 4)
Bottom of the 3rd over - 0 run(s), 2 hit(s), 0 error(s), 1 left on base; Weslaco 0 - Grand Rapids 1
TOP OF THE 4TH
Weslaco Chiefs batting - Pitching for Grand Rapids Dutch Ovens : RHP Ethan Knight
Batting: RHB Jerry Browning 0-0: Ball
1-0: Called Strike
1-1: Foul Ball, location: 2F
1-2: Fly out, F8 (Flyball, 8RS)
Batting: RHB Jorge Calderón 0-0: Ball
1-0: Ball
2-0: Fly out, F4 (Line Drive, 4M)
Batting: RHB Seth O'Toole 0-0: Ball
1-0: Called Strike
1-1: Foul Ball, location: 2F
1-2: Fly out, F8 (Flyball, 89M)
Top of the 4th over - 0 run(s), 0 hit(s), 0 error(s), 0 left on base; Weslaco 0 - Grand Rapids 1
BOTTOM OF THE 4TH
Grand Rapids Dutch Ovens batting - Pitching for Weslaco Chiefs : RHP Luis Torres
Batting: RHB Manuel Flores 0-0: Ball
1-0: Fly out, F8 (Flyball, 89M)
Batting: RHB William Todd 0-0: Called Strike
0-1: Ball
1-1: Foul Ball, location: 2F
1-2: Strikes out swinging
Batting: LHB Félix Costa 0-0: Ball
1-0: Ball
2-0: Foul Ball, location: 2F
2-1: Ball
3-1: Foul Ball, location: 2F
3-2: Fly out, F8 (Flyball, 8RD)
Bottom of the 4th over - 0 run(s), 0 hit(s), 0 error(s), 0 left on base; Weslaco 0 - Grand Rapids 1
TOP OF THE 5TH
Weslaco Chiefs batting - Pitching for Grand Rapids Dutch Ovens : RHP Ethan Knight
Batting: SHB Artie Adams 0-0: Ball
1-0: Called Strike
1-1: Foul Ball, location: 2F
1-2: Foul Ball, location: 2F
1-2: Ground out 3-1 (Groundball, 34S)
Batting: RHB Joe Farrell 0-0: Ball
1-0: Swinging Strike
1-1: Fly out, F9 (Flyball, 89S)
Batting: RHB Michael Scott 0-0: Fly out, F8 (Flyball, 8LD)
Top of the 5th over - 0 run(s), 0 hit(s), 0 error(s), 0 left on base; Weslaco 0 - Grand Rapids 1
BOTTOM OF THE 5TH
Grand Rapids Dutch Ovens batting - Pitching for Weslaco Chiefs : RHP Luis Torres
Batting: RHB Carlos Rosa 0-0: Ball
1-0: Ball
2-0: Fly out, F7 (Flyball, 7LS)
Batting: RHB Alec Goodman 0-0: Swinging Strike
0-1: Foul Ball, location: 2F
0-2: Strikes out looking
Batting: RHB Takuro Okawa 0-0: Foul Ball, location: 2F
0-1: Ball
1-1: Ground out 4-3 (Groundball, 4)
Bottom of the 5th over - 0 run(s), 0 hit(s), 0 error(s), 0 left on base; Weslaco 0 - Grand Rapids 1
TOP OF THE 6TH
Weslaco Chiefs batting - Pitching for Grand Rapids Dutch Ovens : RHP Ethan Knight
Batting: RHB Matt Bascombe 0-0: Ball
1-0: Ball
2-0: Foul Ball, location: 2F
2-1: Fly out, F9 (Flyball, 9S)
Batting: SHB Hedde Stapel 0-0: Ball
1-0: TRIPLE (Flyball, 9LM)
Batting: RHB Jeremiah Ward 0-0: Ball
1-0: Ball
2-0: Ball
3-0: Base on Balls
Pitching: RHP Mark Messier
Batting: RHB Jerry Browning 0-0: Swinging Strike
0-1: 3-RUN HOME RUN (Flyball, 7LD), Distance : 357 ft
Batting: RHB Jorge Calderón 0-0: Ball
1-0: Swinging Strike
1-1: Ball
2-1: Ball
3-1: Ground out 4-3 (Groundball, 4)
Batting: RHB Seth O'Toole 0-0: Swinging Strike
0-1: Ball
1-1: Called Strike
1-2: Ball
2-2: Strikes out swinging
Top of the 6th over - 3 run(s), 2 hit(s), 0 error(s), 0 left on base; Weslaco 3 - Grand Rapids 1
BOTTOM OF THE 6TH
Grand Rapids Dutch Ovens batting - Pitching for Weslaco Chiefs : RHP Luis Torres
Batting: RHB José Wills 0-0: Called Strike
0-1: Foul Ball, location: 2F
0-2: SINGLE (Line Drive, 8RS)
Batting: SHB Víctor Torres 0-0: Called Strike
0-1: SINGLE (Line Drive, 6)
José Wills to second
Batting: LHB Luis Salazar 0-0: Ball
1-0: Ground out 4-3 (Groundball, 4S)
José Wills to third
Víctor Torres to second
Batting: RHB Manuel Flores 0-0: Called Strike
0-1: Swinging Strike
0-2: Strikes out looking
Pitching: RHP Mike Stout
Batting: RHB William Todd 0-0: Called Strike
0-1: Called Strike
0-2: Ball
Wild Pitch!
José Wills scores
Víctor Torres to third
1-2: Ground out 3-1 (Groundball, 34)
Bottom of the 6th over - 1 run(s), 2 hit(s), 0 error(s), 1 left on base; Weslaco 3 - Grand Rapids 2
TOP OF THE 7TH
Weslaco Chiefs batting - Pitching for Grand Rapids Dutch Ovens : RHP Mark Messier
Batting: SHB Artie Adams 0-0: Ball
1-0: Fly out, F7 (Flyball, 78M)
Batting: RHB Joe Farrell 0-0: Ball
1-0: Reached on error, E6 (Groundball, 6)
Pinch Hitting: LHB Edgardo Molina 0-0: Ball
1-0: Ball
2-0: Fielders Choice at 2nd, 6-4 (Groundball, 6)
Batting: RHB Matt Bascombe 0-0: Foul Ball, location: 2F
0-1: Ball
1-1: Ball
2-1: Ball
3-1: Foul Ball, location: 2F
3-2: Fly out, F8 (Flyball, 8RM)
Top of the 7th over - 0 run(s), 0 hit(s), 1 error(s), 1 left on base; Weslaco 3 - Grand Rapids 2
BOTTOM OF THE 7TH
Grand Rapids Dutch Ovens batting - Pitching for Weslaco Chiefs : RHP Mike Stout
Now at 1B: Ed Gaston
Batting: LHB Félix Costa 0-0: Called Strike
0-1: Called Strike
0-2: Foul Ball, location: 2F
0-2: Strikes out swinging
Batting: RHB Carlos Rosa 0-0: Called Strike
0-1: Called Strike
0-2: Ball
1-2: Ball
2-2: Fly out, F8 (Flyball, 8LS)
Batting: RHB Alec Goodman 0-0: Called Strike
0-1: Ball
1-1: Ball
2-1: Fly out, F7 (Line Drive, 7)
Bottom of the 7th over - 0 run(s), 0 hit(s), 0 error(s), 0 left on base; Weslaco 3 - Grand Rapids 2
TOP OF THE 8TH
Weslaco Chiefs batting - Pitching for Grand Rapids Dutch Ovens : RHP Mark Messier
Batting: SHB Hedde Stapel 0-0: Swinging Strike
0-1: Swinging Strike
0-2: Ball
1-2: Strikes out swinging
Pitching: LHP Sancho Espinoza
Batting: RHB Jeremiah Ward 0-0: SINGLE (Groundball, 6MD)
Batting: RHB Jerry Browning 0-0: Ball
Jeremiah Ward steals 2nd base
1-0: SINGLE (Line Drive, 4M)
Jeremiah Ward to third
Batting: RHB Jorge Calderón 0-0: Ball
1-0: Ball
2-0: Ground out U3 (Groundball, 3S)
Jerry Browning to second
Batting: RHB Seth O'Toole 0-0: Called Strike
0-1: Ball
1-1: Ball
2-1: Fly out, F7 (Line Drive, 7D)
Top of the 8th over - 0 run(s), 2 hit(s), 0 error(s), 2 left on base; Weslaco 3 - Grand Rapids 2
BOTTOM OF THE 8TH
Grand Rapids Dutch Ovens batting - Pitching for Weslaco Chiefs : RHP Mike Stout
Pitching: RHP Joel Cobb
Batting: RHB Takuro Okawa 0-0: Ball
1-0: SINGLE (Line Drive, 78S)
Batting: RHB José Wills 0-0: Ball
1-0: SINGLE (Line Drive, 56)
Takuro Okawa to second
Batting: SHB Víctor Torres 0-0: Called Strike
0-1: Bunted foul
0-2: Ball
1-2: SINGLE (Groundball, 34D)
Takuro Okawa to third
José Wills to second
Runner from 3rd tries for Home, SAFE, throw made at trailing runner, OUT at third!
Batting: LHB Luis Salazar 0-0: Ball
1-0: Called Strike
1-1: Ball
2-1: Fly out, F8 (Flyball, 8RM)
Pinch Hitting: LHB David Morgan 0-0: Ball
1-0: Called Strike
1-1: Ball
2-1: Ball
3-1: Base on Balls
Víctor Torres to second
Pinch Hitting: RHB Gary Wyatt 0-0: Ball
1-0: Called Strike
1-1: Ball
2-1: SINGLE (Groundball, 4M) (infield hit)
Víctor Torres to third
David Morgan to second
Batting: LHB Félix Costa 0-0: Ball
1-0: Swinging Strike
1-1: Ball
2-1: Ball
3-1: Called Strike
3-2: Strikes out swinging
Bottom of the 8th over - 1 run(s), 4 hit(s), 0 error(s), 3 left on base; Weslaco 3 - Grand Rapids 3
TOP OF THE 9TH
Weslaco Chiefs batting - Pitching for Grand Rapids Dutch Ovens : LHP Sancho Espinoza
Pitching: RHP Jacob Edwards
Now at 3B: Gary Wyatt
Pinch Hitting: RHB Toshiki Kokawa 0-0: Ball
Now at 3B: Theodore Burns 1-0: Ground out 5-3 (Groundball, 25)
Pinch Hitting: RHB Henry Morris 0-0: Ball
1-0: Called Strike
1-1: Called Strike
1-2: Ball
2-2: Ball
3-2: SINGLE (Groundball, 4MD)
Pinch Hitting: RHB Ron Newcombe 0-0: Ball
1-0: Called Strike
1-1: Swinging Strike
1-2: Foul Ball, location: 2F
1-2: Ball
Henry Morris steals 2nd base
2-2: Ball
3-2: Intentional Walk
Batting: RHB Matt Bascombe 0-0: Called Strike
0-1: Grounds into double play, 5-4-3 (Groundball, 56)
Top of the 9th over - 0 run(s), 1 hit(s), 0 error(s), 1 left on base; Weslaco 3 - Grand Rapids 3
BOTTOM OF THE 9TH
Grand Rapids Dutch Ovens batting - Pitching for Weslaco Chiefs : RHP Joel Cobb
Now at 1B: Terry Lawrence
Now at 2B: Ron Newcombe
Now at SS: Henry Morris
Pinch Hitting: RHB Carlos Martínez 0-0: Swinging Strike
0-1: Ball
1-1: Fly out, F9 (Flyball, 9)
Batting: RHB Alec Goodman 0-0: Called Strike
0-1: Ball
1-1: Swinging Strike
1-2: Ball
2-2: Ball
3-2: Foul Ball, location: 2F
3-2: Strikes out swinging
Batting: RHB Takuro Okawa 0-0: Ball
1-0: Swinging Strike
1-1: Called Strike
1-2: Hit by Pitch
Pinch Hitting: LHB Lee Jenkins 0-0: Called Strike
0-1: Fly out, F4 (Popup, 3D)
Bottom of the 9th over - 0 run(s), 0 hit(s), 0 error(s), 1 left on base; Weslaco 3 - Grand Rapids 3
TOP OF THE 10TH
Weslaco Chiefs batting - Pitching for Grand Rapids Dutch Ovens : RHP Jacob Edwards
Now at C: Carlos Martínez
Now at 1B: Lee Jenkins
Pinch Hitting: RHB Troy Johnson 0-0: Foul Ball, location: 2F
0-1: Ball
1-1: Called Strike
1-2: Ground out 5-3 (Groundball, 56)
Batting: RHB Jeremiah Ward 0-0: Ball
1-0: Foul Ball, location: 2F
1-1: Foul Ball, location: 2F
1-2: Strikes out swinging
Batting: RHB Jerry Browning 0-0: Swinging Strike
0-1: Ball
1-1: Ground out 6-3 (Groundball, 56D)
Top of the 10th over - 0 run(s), 0 hit(s), 0 error(s), 0 left on base; Weslaco 3 - Grand Rapids 3
BOTTOM OF THE 10TH
Grand Rapids Dutch Ovens batting - Pitching for Weslaco Chiefs : RHP Joel Cobb
Now at 3B: Troy Johnson
Batting: SHB Víctor Torres 0-0: Ball
1-0: Foul Ball, location: 2F
1-1: Ball
2-1: Ball
3-1: Called Strike
3-2: Base on Balls
Batting: LHB Luis Salazar 0-0: SINGLE (Groundball, 4MD)
Víctor Torres to second
Batting: RHB Theodore Burns 0-0: Foul Ball, location: 2F
0-1: Swinging Strike
0-2: SINGLE (Groundball, 4D)
Víctor Torres to third
Luis Salazar to second
Batting: RHB Gary Wyatt 0-0: Ball
1-0: Ball
2-0: Called Strike
2-1: Called Strike
2-2: Strikes out looking
Batting: LHB Félix Costa 0-0: Called Strike
0-1: Ball
1-1: Fly out, F3 (Popup, 3S)
Batting: RHB Carlos Martínez 0-0: Ball
1-0: Foul Ball, location: 2F
1-1: Foul Ball, location: 2F
1-2: Ball
2-2: Foul Ball, location: 2F
2-2: Foul Ball, location: 2F
2-2: Ball
3-2: Foul Ball, location: 2F
3-2: Strikes out looking
Bottom of the 10th over - 0 run(s), 2 hit(s), 0 error(s), 3 left on base; Weslaco 3 - Grand Rapids 3
TOP OF THE 11TH
Weslaco Chiefs batting - Pitching for Grand Rapids Dutch Ovens : RHP Jacob Edwards
Batting: RHB Jorge Calderón 0-0: Called Strike
0-1: Ball
1-1: Ball
2-1: Swinging Strike
2-2: Ball
3-2: Foul Ball, location: 2F
3-2: Strikes out swinging
Batting: RHB Seth O'Toole 0-0: Ball
1-0: Ground out 5-3 (Groundball, 56)
Batting: RHB Terry Lawrence 0-0: Single, Error in OF, E7, batter to second base
Batting: RHB Henry Morris 0-0: Called Strike
0-1: Foul Ball, location: 2F
0-2: Foul Ball, location: 2F
0-2: Ball
1-2: Ball
2-2: Fly out, F3 (Popup, 3S)
Top of the 11th over - 0 run(s), 1 hit(s), 1 error(s), 1 left on base; Weslaco 3 - Grand Rapids 3
BOTTOM OF THE 11TH
Grand Rapids Dutch Ovens batting - Pitching for Weslaco Chiefs : RHP Joel Cobb
Batting: RHB Alec Goodman 0-0: Foul Ball, location: 2F
0-1: Ball
1-1: Swinging Strike
1-2: Fly out, F8 (Flyball, 8RD)
Batting: RHB Takuro Okawa 0-0: Ball
1-0: Called Strike
1-1: Ball
2-1: Fly out, F9 (Flyball, 9S)
Batting: LHB Lee Jenkins 0-0: Called Strike
0-1: Ball
1-1: Fly out, F4 (Line Drive, 4)
Bottom of the 11th over - 0 run(s), 0 hit(s), 0 error(s), 0 left on base; Weslaco 3 - Grand Rapids 3
TOP OF THE 12TH
Weslaco Chiefs batting - Pitching for Grand Rapids Dutch Ovens : RHP Jacob Edwards
Batting: RHB Ron Newcombe 0-0: Ball
1-0: Fly out, F8 (Flyball, 8LS)
Batting: RHB Matt Bascombe 0-0: Called Strike
0-1: Swinging Strike
0-2: Ball
1-2: Foul Ball, location: 2F
1-2: Strikes out swinging
Batting: RHB Troy Johnson 0-0: Called Strike
0-1: Ball
1-1: Called Strike
1-2: Ball
2-2: SINGLE (Line Drive, 8LS)
Pitching: RHP Jeffery Dillon
Pinch Runner at 1st Aaron Stevens:
Batting: RHB Jeremiah Ward 0-0: Fly out, F7 (Flyball, 7LS)
Top of the 12th over - 0 run(s), 1 hit(s), 0 error(s), 1 left on base; Weslaco 3 - Grand Rapids 3
BOTTOM OF THE 12TH
Grand Rapids Dutch Ovens batting - Pitching for Weslaco Chiefs : RHP Joel Cobb
Pitching: RHP Víctor González
Now at 3B: Aaron Stevens
Batting: SHB Víctor Torres 0-0: Called Strike
0-1: Foul Ball, location: 2F
0-2: Foul Ball, location: 2F
0-2: Ball
1-2: Ball
2-2: Ball
3-2: Base on Balls
Batting: LHB Luis Salazar 0-0: Swinging Strike
0-1: Ball
1-1: Ball
2-1: Swinging Strike
2-2: Foul Ball, location: 2F
2-2: Foul Ball, location: 2F
2-2: Foul Ball, location: 2F
2-2: Ball
Passed Ball!
Víctor Torres to second
3-2: Intentional Walk
Batting: RHB Theodore Burns 0-0: Called Strike
0-1: Foul Ball, location: 2F
0-2: Strikes out swinging
Batting: RHB Gary Wyatt 0-0: Ball
1-0: Ball
2-0: Ball
3-0: Base on Balls
Víctor Torres to third
Luis Salazar to second
Batting: LHB Félix Costa 0-0: Foul Ball, location: 2F
0-1: Called Strike
0-2: Ball
1-2: Foul Ball, location: 2F
1-2: Foul Ball, location: 2F
1-2: Ball
2-2: Grounds into fielders choice 6-2 (Groundball, 6S)
Luis Salazar to third
Gary Wyatt to second
Batting: RHB Carlos Martínez 0-0: Called Strike
0-1: Ball
1-1: Foul Ball, location: 2F
1-2: SINGLE (Line Drive, 34D)
Luis Salazar scores
Thursday, March 30th, 2017 - OOTP Baseball 17.12 Build 75